 Seeded DCSS version 0.27.1-1-g398f81649c (webtiles) character file.

Game seed: 4184551688778408790 (custom seed)

6313 a11behringer the Bludgeoner (level 10, -5/83 HPs)
             Began as a Minotaur Berserker on Sept 20, 2021.
             Was an Elder of Trog.
             Slain by a komodo dragon (25 damage)
             ... on level 8 of the Dungeon.
             The game lasted 00:37:24 (6681 turns).

a11behringer the Bludgeoner (Minotaur Berserker)    Turns: 6681, Time: 00:37:24

Health: -5/83      AC: 13    Str: 21    XL:     10   Next: 64%
Magic:  9/9        EV: 13    Int: 10    God:    Trog [****..]
Gold:   445        SH:  0    Dex: 14    Spells: 9/9 levels left

rFire    . . .     SeeInvis .   n - +3 mace (protect)
rCold    . . .     Faith    .   (no shield)
rNeg     . . .     Spirit   .   k - +0 leather armour
rPois    +         Reflect  .   (helmet restricted)
rElec    .         Harm     .   p - +0 cloak
rCorr    .         Rampage  .   (no gloves)
Will     +++..                  q - +0 pair of boots
Stlth    +.........             H - amulet "Xoboukk" {Acrobat rPois Will+}
HPRegen  1.23/turn              G - +6 ring of intelligence
MPRegen  0.11/turn              (no ring)

@: strong-willed, under a protective aura, regenerating, studying Staves
A: horns 2, retaliatory headbutt
a: Renounce Religion, Berserk, Trog's Hand, Brothers in Arms


You were on level 8 of the Dungeon.
You worshipped Trog.
Trog was greatly pleased with you.
You visited 1 branch of the dungeon, and saw 8 of its levels.
You also visited: Ossuary.

You collected 445 gold pieces.

Inventory:

Hand Weapons
 a - a +0 mace
 f - a +0 flail of protection
 i - a +0 battleaxe
 j - a +1 whip of flaming
 n - a +3 mace of protection (weapon)
 C - a +0 morningstar
 F - a +0 great mace
 K - a +0 hand crossbow
Missiles
 d - 13 boomerangs (quivered)
 g - 63 sling bullets
 o - 79 bolts
Armour
 b - a +0 animal skin
 k - a +0 leather armour (worn)
 p - a +0 cloak (worn)
 q - a +0 pair of boots (worn)
 t - a +0 scale mail
 v - a +2 robe of resistance
Jewellery
 G - a +6 ring of intelligence (left hand)
 H - the amulet "Xoboukk" (around neck) {Acrobat rPois Will+}
   (You acquired it on level 7 of the Dungeon)

   [amulet of the acrobat]

   It increases your evasion while moving and waiting.
   rPois:     It protects you from poison.
   Will:      It increases your willpower.
Wands
 y - a wand of mindburst (17)
 B - a wand of digging (7)
 J - a wand of polymorph (1)
Scrolls
 m - 4 scrolls of teleportation
 z - a scroll of enchant weapon
 A - 3 scrolls of vulnerability
 D - 3 scrolls of identify
Potions
 e - 2 potions of curing
 h - a potion of attraction {unknown}
 r - 4 potions of flight
 s - a potion of cancellation
 w - a potion of invisibility
 x - 2 potions of ambrosia
 E - a potion of haste
 I - a potion of lignification {unknown}


   Skills:
 - Level 6.0 Fighting
 * Level 15.9 Maces & Flails
 + Level 4.2(5.0) Slings
 + Level 4.1 Crossbows
 + Level 3.7(4.5) Throwing
 - Level 5.4 Armour
 - Level 4.9 Dodging
 + Level 3.4 Evocations


You had 9 spell levels left.
You didn't know any spells.
Your spell library was empty.

Dungeon Overview and Level Annotations

Branches:
Dungeon (8/15)             Temple (0/1) D:6         Ossuary (visited)
   Lair: D:8-11

Altars:
Cheibriados
Fedhas
Gozag
Makhleb
Uskayaw
Xom

Shops:
D:4 :


Innate Abilities, Weirdness & Mutations

You have a pair of horns on your head.
You reflexively headbutt those who attack you in melee.


Message History

There is an open gate here.
There is an open gate here.
There is a stone staircase leading down here.
You can't go up here!
You climb downwards.
Found 27 gold pieces.
There is a stone staircase leading up here.
Your skin crawls.
You feel strong-willed. The hound bites you but does no damage.
The hound completely misses you.
You hit the hound.
Your weapon exudes an aura of protection.
The hound is lightly wounded.
The hound barely misses you. The hound bites you but does no damage.
The komodo dragon bites you!!
You hit the hound.
You headbutt the hound, but do no damage.
The hound is heavily wounded.
The hound bites you but does no damage. The hound bites you.
The basilisk gazes at you. You resist with almost no effort.
You barely miss the hound.
The hound is heavily wounded.
The hound misses you. You furiously retaliate!
You headbutt the hound. The hound closely misses you.
The komodo dragon bites you!!
You completely miss the hound. Your headbutt misses the hound.
The hound is severely wounded.
The hound bites you. The hound completely misses you.
The orc wizard gestures wildly while chanting.
The orc wizard flickers and vanishes!
Deactivating autopickup; reactivate with Ctrl-A.
The komodo dragon bites you!!
* * * LOW HITPOINT WARNING * * *
The basilisk gazes at you. The hound barely misses you. The hound misses you.
There is a stone staircase leading up, spattered with blood here.
The hound closely misses you. The hound barely misses you.
The basilisk gazes at you. The komodo dragon bites you!!
You die...

..l....#.#....
....................$...
....#.....#.# ..........
...##....##.# .........$
...#..#..#..###.........
...#..#.)....#..........
#.....#.................
###...#.................
##............@.......
#............lhh>.....
#...##....l.............
#.###.......#...........
.. ##.................#
. #........[........##
#........[).........
#.........[<........
..[................#.


You could see a komodo dragon, a basilisk and 2 hounds.

Vanquished Creatures
  Pikel (D:5)
  An ugly thing (D:8)
  Maurice (D:8)
  Psyche (D:8)
  A troll (D:8)
  A tarantella (shapeshifter) (D:7)
  3 yaks (D:8)
  A wyvern (D:8)
  An ice beast (D:7)
  Purgy (D:3)
  A black bear (D:7)
  A sky beast (D:5)
  A necrophage (D:6)
  An ogre (D:5)
  A centaur (D:7)
  A lemure (D:5)
  4 elf zombies (Ossuary)
  A phantom (D:4)
  2 kobold brigands
  Blork the orc (D:6)
  7 scorpions
  2 wyvern skeletons (D:7)
  A water moccasin zombie (D:5)
  A water moccasin skeleton (D:7)
  4 wights (D:8)
  4 centaur zombies
  A centaur skeleton (D:6)
  8 hounds
  5 jellies
  Crazy Yiuf (D:2)
  4 human zombies (Ossuary)
  2 orc priests
  Natasha (thrice) (D:2)
  3 iguanas
  3 orc wizards
  A hound skeleton (D:6)
  3 mummies (Ossuary)
  7 gnolls
  8 adders
  5 adder zombies (Ossuary)
  A worm (D:4)
  A dart slug (D:3)
  14 orcs
  13 ball pythons
  6 bats
  4 endoplasms
  3 giant cockroaches
  7 goblins
  6 hobgoblins
  18 kobolds
  4 quokkas
  5 frilled lizards
  A gnoll zombie (Ossuary)
  4 goblin zombies (Ossuary)
  3 hobgoblin zombies (Ossuary)
  2 jackal zombies (Ossuary)
  A kobold zombie (Ossuary)
  7 quokka zombies (Ossuary)
  4 rats
  A rat zombie (Ossuary)
  A bush (D:2)
205 creatures vanquished.

Notes
Turn   | Place    | Note
-------+----------+-------------------------------------------
     0 | D:1      | a11behringer the Minotaur Berserker began the quest for the
                  | Orb.
     0 | D:1      | Reached XP level 1. HP: 19/19 MP: 0/0
    23 | D:1      | Reached skill level 4 in Maces & Flails
    42 | D:1      | Reached XP level 2. HP: 22/26 MP: 1/1
   127 | D:1      | Found a faded altar of an unknown god.
   480 | D:1      | Reached skill level 5 in Maces & Flails
   697 | D:2      | Noticed Natasha
   704 | D:2      | Killed Natasha
   705 | D:2      | Reached XP level 3. HP: 10/31 MP: 2/2
   947 | D:2      | Reached ** piety under Trog
  1056 | D:2      | Noticed Natasha
  1063 | D:2      | Killed Natasha
  1064 | D:2      | Reached skill level 6 in Maces & Flails
  1064 | D:2      | Reached XP level 4. HP: 39/39 MP: 3/3
  1115 | D:2      | Found a runed translucent door.
  1116 | D:2      | Noticed Crazy Yiuf
  1125 | D:2      | Killed Crazy Yiuf
  1345 | D:2      | Noticed Natasha
  1352 | D:2      | Killed Natasha
  1353 | D:2      | Reached skill level 7 in Maces & Flails
  1353 | D:2      | Reached XP level 5. HP: 29/45 MP: 4/4
  1938 | D:3      | Noticed Purgy
  1939 | D:3      | Found a hide-covered altar of Uskayaw.
  1966 | D:3      | Killed Purgy
  1967 | D:3      | Reached skill level 8 in Maces & Flails
  1967 | D:3      | Reached XP level 6. HP: 51/51 MP: 5/5
  2011 | D:3      | Found a snail-covered altar of Cheibriados.
  2674 | D:4      | Found Etsy's Book Shoppe.
  2786 | D:4      | Reached skill level 9 in Maces & Flails
  3437 | D:5      | Entered Level 5 of the Dungeon
  3631 | D:5      | Reached XP level 7. HP: 57/57 MP: 6/6
  3642 | D:5      | Found a sand-covered staircase.
  3651 | Ossuary  | Entered an ossuary
  3695 | Ossuary  | Reached skill level 10 in Maces & Flails
  3720 | Ossuary  | Reached *** piety under Trog
  3805 | Ossuary  | Reached skill level 12 in Maces & Flails
  3805 | Ossuary  | Reached skill level 5 in Armour
  3805 | Ossuary  | Reached XP level 8. HP: 70/70 MP: 7/7
  4108 | D:5      | Noticed Pikel
  4120 | D:5      | Killed Pikel
  4121 | D:5      | Reached skill level 13 in Maces & Flails
  4121 | D:5      | Reached XP level 9. HP: 75/75 MP: 8/8
  4479 | D:6      | Noticed Blork the orc
  4489 | D:6      | Killed Blork the orc
  4552 | D:6      | Found an opulent altar of Gozag.
  4767 | D:5      | Reached **** piety under Trog
  4819 | D:5      | Reached skill level 14 in Maces & Flails
  4907 | D:6      | Found a staircase to the Ecumenical Temple.
  5313 | D:6      | Found a burning altar of Makhleb.
  5882 | D:7      | Identified a scroll of acquirement
  5882 | D:7      | Acquired the amulet "Xoboukk" {Acrobat rPois Will+}
  5963 | D:7      | Found a shimmering altar of Xom.
  5970 | D:7      | Found a blossoming altar of Fedhas.
  6036 | D:8      | Noticed Maurice
  6046 | D:8      | Reached XP level 10. HP: 83/83 MP: 9/9
  6053 | D:8      | Killed Maurice
  6054 | D:8      | Reached skill level 15 in Maces & Flails
  6087 | D:8      | Noticed Psyche
  6106 | D:8      | Killed Psyche
  6157 | D:8      | Noticed a purple ugly thing
  6169 | D:8      | Killed a purple ugly thing
  6681 | D:8      | Slain by a komodo dragon

Illustrated notes

Levels and vault maps discovered:
D:1:      psy_arrival_terrarium, layout_basic,
          shapermc_ecumenical_altar_mp_ritualfount
D:2:      minmay_wonky_spiral, layout_rooms, minmay_hedge_maze,
          uniq_crazy_yiuf_cottage, uniq_natasha
D:3:      layout_basic, amcnicky_altar_gilded, mainiacjoe_overflow_brackets,
          minmay_door_square, uniq_purgy
D:4:      layout_basic, abandoned_shop, nicolae_stop_n_shop_2
D:5:      minmay_bubble_buster, layout_loops_cross, enter_ossuary_1,
          serial_park_tiny_2, uniq_pikel
D:6:      layout_cave_pools, makhleb_blood_cavern_becter, lemuel_crystal_altar,
          minmay_temple_entry_proselytizer, uniq_blork_the_orc
D:7:      layout_rooms, mainiacjoe_overflow_big_doors
D:8:      layout_cave_pools, erik_lair_island, serial_shops, shop_fountains,
          minmay_the_grid_2x2 [minmay_the_grid_tri_star,
          minmay_the_grid_minigrid_medium, minmay_the_grid_medium_cups,
          minmay_the_grid_prize_four_corners_diamond_a], uniq_maurice,
          uniq_psyche

Skill      XL: |  1  2  3  4  5  6  7  8  9 10 |
---------------+-------------------------------+-----
Maces & Flails | 4 5 6 7 8 9 12 13 14 15 | 15.9
Fighting       | 6 |  6.0
Slings         | 4 |  4.2
Crossbows      | 4 |  4.1
Throwing       | 3 |  3.7
Armour         | 5 |  5.4
Dodging        | 4 |  4.9
Evocations     | 3 |  3.4

Action                   |  1- 3 |  4- 6 |  7- 9 | 10-12 || total
-------------------------+-------+-------+-------+-------++-------
Melee: Mace              |    53 |   164 |   297 |    98 ||   612
       Headbutt          |     4 |    37 |    72 |    19 ||   132
Invok: Berserk           |     1 |     2 |     5 |     1 ||     9
       Trog's Hand       |       |     2 |     6 |     4 ||    12
       Brothers in Arms  |       |       |     1 |       ||     1
  Use: Scroll            |       |    11 |    10 |     1 ||    22
       Potion            |       |       |     1 |     4 ||     5
 Stab: Sleeping          |       |     3 |     1 |       ||     4
Armor: Animal skin       |    10 |       |       |       ||    10
       Leather armour    |       |    34 |   112 |    49 ||   195
Dodge: Dodged            |    32 |    57 |   149 |    93 ||   331
